 Dungeon Crawl Stone Soup version 0.29-a0-824-gd827844252 (webtiles) character file.

Game seed: 5882805866536961851

638 buhh the Insei (level 7, -2/49 HPs)
             Began as an Octopode Transmuter on July 9, 2022.
             Shot with an arrow by a centaur (11 damage)
             ... on level 5 of the Dungeon.
             The game lasted 00:03:16 (5873 turns).

buhh the Insei (Octopode Transmuter)                Turns: 5873, Time: 00:03:17

Health: -2/49      AC:  2    Str: 10    XL:     7   Next: 50%
Magic:  10/10      EV: 23    Int: 23    God:
Gold:   287        SH:  0    Dex: 23    Spells: 4/10 levels left

rFire   + + .      SeeInvis .     - Unarmed
rCold   . . .      Faith    .   (shield currently unavailable)
rNeg    . . .      Spirit   .   (helmet currently unavailable)
rPois   x          Reflect  .   v - amulet of Futhap {rF+ Regen+}
rElec   .          Harm     .   i - +6 ring of intelligence
rCorr   .          Rampage  .   j - ring of protection from fire
Will    .....                   x - +6 ring of dexterity
Stlth   +.........              s - ring of wizardry
HPRegen 0.00/turn               (no ring)
MPRegen 0.12/turn               (no ring)
                                (no ring)
                                (no ring)

@: confused, mighty, spider-form (expiring), ambrosia-drunk, inhibited regen
A: venomous fangs, almost no armour, (amphibious), 8 rings, tiny, (camouflage
1), (gelatinous body 1), (nimble swimmer 1), (tentacles), inhibited regeneration
a: End Transformation


You were on level 5 of the Dungeon.
You were a venomous arachnid creature.
You visited 1 branch of the dungeon, and saw 5 of its levels.

You collected 287 gold pieces.

Inventory:

Missiles
 t - 8 poisoned darts
Jewellery
 i - a +6 ring of intelligence (left front leg)
 j - a ring of protection from fire (right front leg)
 q - an amulet of regeneration
 s - a ring of wizardry (on tentacle)
 v - the amulet of Futhap (around neck) {rF+ Regen+}
   (You found it on level 4 of the Dungeon)

   [amulet of regeneration]

   rF:        It protects you from fire.
   Regen:     It increases your rate of health regeneration.
 w - the amulet of Ruckuit {Acrobat Str+3 Dex+5}
   (You found it on level 5 of the Dungeon)

   [amulet of the acrobat]

   It increases your evasion while moving and waiting.
   Str:       It affects your strength (+3).
   Dex:       It affects your dexterity (+5).
 x - a +6 ring of dexterity (on tentacle)
Scrolls
 c - 3 scrolls of fog
 d - 3 scrolls of teleportation {!d}
 e - 2 scrolls of torment
 k - 5 scrolls of identify {!d}
 l - a scroll of summoning {unknown}
 p - a scroll of amnesia {unknown}
 u - a scroll of vulnerability {unknown}
 y - a scroll of enchant armour {unknown}
 z - a scroll of poison {unknown}
Potions
 a - 2 potions of lignification {!d}
 b - 2 potions of ambrosia {!q!d}
 f - a potion of mutation {!d}
 g - a potion of might
 h - a potion of experience {unknown}
 m - a potion of heal wounds {unknown}
 n - a potion of haste {unknown}
 o - 2 potions of attraction {unknown}
 r - 2 potions of curing {unknown}


   Skills:
 + Level 4.3 Fighting
 + Level 4.8 Dodging
 - Level 2.0 Stealth
 + Level 5.3 Unarmed Combat
 - Level 2.0 Spellcasting
 - Level 2.0 Transmutations
 - Level 1.0 Poison Magic


You had 4 spell levels left.
You knew the following spells:

 Your Spells              Type           Power      Damage    Failure   Level
a - Beastly Appendage     Tmut           22%        N/A       6%          1
b - Wereblood             Tmut           11%        N/A       9%          2
c - Spider Form           Tmut/Pois      9%         N/A       17%         3

Your spell library contained the following spells:

 Spells                   Type           Power      Damage    Failure   Level
 Magic Dart               Conj           8%         1d3       12%         1
 Call Imp                 Summ           2%         N/A       16%         2
 Mephitic Cloud           Conj/Pois/Air  3%         N/A       26%         3
 Ice Form                 Ice/Tmut       6%         N/A       47%         4


Dungeon Overview and Level Annotations

Branches:
Dungeon (5/15) Zot: 24141
 Temple: D:4-7

Altars:
Dithmenos
Fedhas

Annotations:
D:2 1 runed translucent door, exclusion: downstairs, Crazy Yiuf


Innate Abilities, Weirdness & Mutations

You are a venomous arachnid creature.
You have poisonous fangs.
You are tiny and dextrous.
Your spellcasting is less reliable in this form.
Your armour is entirely melded.
You are incapable of wielding weapons or throwing items.
You cannot wear most types of armour.
((You are amphibious.))
You can wear up to eight rings at the same time.
((Your skin changes colour to match your surroundings (Stealth+).))
((Your rubbery body absorbs attacks. (AC +1, EV +1)))
((You are camouflaged when in or above water. (Stealth+)))
((You have tentacles for arms and can constrict up to eight enemies at once.))
You do not regenerate when monsters are visible.


Message History

There is an open door here.
There is an open door here.
A centaur comes into view.
The centaur shouts!
The centaur wields a +0 shortbow.
The centaur shoots an arrow.
The arrow hits you!
The centaur moves out of view.
A centaur is nearby!
A centaur is nearby!
A centaur is nearby!
You turn into a venomous arachnid creature.
The centaur shoots an arrow.
The arrow barely misses you.
The centaur shoots an arrow.
The arrow hits you.
The centaur shoots an arrow.
The arrow hits you!
The centaur shoots an arrow.
The arrow misses you.
The centaur shoots an arrow.
The arrow hits you.
The centaur shoots an arrow.
The arrow hits you!
* * * LOW HITPOINT WARNING * * *
Okay, then.
Okay, then.
It was a potion of ambrosia.
You are confused.
You feel invigorated.
The centaur shoots an arrow.
The arrow hits you!
* * * LOW HITPOINT WARNING * * *
The centaur shoots an arrow.
The arrow barely misses you.
Okay, then.
Your transformation is almost over.
The centaur shoots an arrow.
The arrow barely misses you.
The centaur shoots an arrow.
The arrow hits you!
* * * LOW HITPOINT WARNING * * *
The centaur shoots an arrow.
The arrow closely misses you.
It was a potion of mutation.
You feel extremely strange.
Your regeneration stops near monsters.
The centaur shoots an arrow.
The arrow completely misses you.
It was a potion of might.
You feel very mighty all of a sudden.
The centaur shoots an arrow.
The arrow completely misses you.
The centaur shoots an arrow.
The arrow hits you!
* * * LOW HITPOINT WARNING * * *
The centaur shoots an arrow.
The arrow hits you!
You die...

..####...##.##...####..........#
###....###...###....#####.######
....)......8..[####.......#
###....###...###....#######
####...##.##...####..#
###..#[#..###.... ##.###.##..c.
#..#..#...# ##.#.##.s.#
#.#.#....# #...#....# ##.##....#
#.#.....# #.#.....# #.#.....#
#.#.....# #.......#


You could see a centaur.

Vanquished Creatures
  A black bear (D:5)
  4 scorpions
  An orc priest (D:3)
  2 hounds (D:5)
  3 iguanas (D:5)
  8 adders
  An ufetubus (D:5)
  2 worms (D:2)
  2 dart slugs
  4 orcs (D:3)
  7 endoplasms
  3 giant cockroaches
  4 goblins
  7 hobgoblins
  7 kobolds
  3 quokkas
  6 ball pythons
  5 bats
  3 frilled lizards (D:2)
  6 rats
79 creatures vanquished.

Vanquished Creatures (others)
  16 plants (D:2)
16 creatures vanquished.

Grand Total: 95 creatures vanquished

Notes
Turn   | Place    | Note
-------+----------+-------------------------------------------
     0 | D:1      | buhh the Octopode Transmuter began the quest for the Orb.
     0 | D:1      | Reached XP level 1. HP: 13/13 MP: 3/3
   133 | D:1      | Found a faded altar of an unknown god.
   441 | D:1      | Reached XP level 2. HP: 17/18 MP: 3/5
  1050 | D:2      | Learned a level 2 spell: Wereblood
  1518 | D:2      | Reached XP level 3. HP: 23/23 MP: 4/6
  2101 | D:2      | Found a runed translucent door.
  2102 | D:2      | Noticed Crazy Yiuf
  2697 | D:3      | Reached XP level 4. HP: 23/29 MP: 5/7
  3015 | D:2      | Learned a level 3 spell: Spider Form
  3550 | D:3      | Reached XP level 5. HP: 17/35 MP: 4/8
  4241 | D:4      | Reached skill level 4 in Unarmed Combat
  4329 | D:4      | Reached XP level 6. HP: 27/42 MP: 7/9
  4361 | D:4      | Identified the amulet of Futhap {rF+ Regen+}
  4484 | D:4      | Found a shadowy altar of Dithmenos.
  4729 | D:5      | Entered Level 5 of the Dungeon
  4734 | D:5      | Identified the amulet of Ruckuit {Acrobat Str+3 Dex+5}
  4854 | D:5      | Noticed a black bear
  4869 | D:5      | Reached XP level 7. HP: 47/47 MP: 7/10
  4872 | D:5      | Reached skill level 5 in Unarmed Combat
  5716 | D:5      | Found a blossoming altar of Fedhas.
  5871 | D:5      | Gained mutation: You do not regenerate when monsters are
                  | visible. [potion of mutation]
  5873 | D:5      | Shot with an arrow by a centaur

Illustrated notes

Levels and vault maps discovered:
D:1:      amcnicky_arrival_feature_with_door, layout_loops_corners,
          ebering_ecumenical_altar_box, chequers_serial_rivers_small_b,
          minivault_26
D:2:      layout_basic, lexackson_kobold_supper, uniq_crazy_yiuf_cottage
D:3:      layout_loops_ring
D:4:      layout_basic, lemuel_round_altar
D:5:      minmay_general_purpose_star, layout_gridville,
          mainiacjoe_overflow_alcove_1

Skill      XL: |  1  2  3  4  5  6  7 |
---------------+----------------------+-----
Stealth        | 1 2 |  2.0
Poison Magic   | 1 |  1.0
Fighting       | 2 3 4 |  4.3
Dodging        | 3 4 |  4.8
Unarmed Combat | 4 5 |  5.3
Spellcasting   | |  2.0
Transmutations | |  2.0

Action                   |  1- 3 |  4- 6 |  7- 9 || total
-------------------------+-------+-------+-------++-------
Melee: Unarmed           |    81 |    85 |    22 ||   188
       Constrict         |    24 |    13 |     3 ||    40
       Kick              |    20 |    22 |     4 ||    46
       Tentacles         |    14 |    13 |     5 ||    32
       Punch             |     3 |       |     1 ||     4
 Cast: Beastly Appendage |    26 |    20 |     4 ||    50
       Spider Form       |       |     3 |     2 ||     5
       Wereblood         |       |     1 |       ||     1
  Use: Scroll            |     4 |       |       ||     4
       Potion            |     1 |     1 |     3 ||     5
 Stab: Sleeping          |     8 |     8 |     3 ||    19
Armor: Skin              |    15 |     5 |     1 ||    21
Dodge: Dodged            |    47 |    47 |    17 ||   111

Table legend: (Time is in decaauts)
 A = Elapsed time spent in this place.
 B = Non-inter-level travel time spent in this place.
 C = Inter-level travel time spent in this place.
 D = Time resting spent in this place.
 E = Time spent auto-exploring this place.
 F = Levels seen in this place.
 G = Mean time per level.
                   A        B        C        D        E       F      G
               +--------+--------+--------+--------+--------+-----+--------+
         Total |   5857 |   5669 |    188 |    723 |   4380 |   5 | 1171.4 |
       Dungeon |   5857 |   5669 |    188 |    723 |   4380 |   5 | 1171.4 |
               +--------+--------+--------+--------+--------+-----+--------+

Top non-repeatable levels by time:
     D:2: 2001 daAuts
     D:5: 1139 daAuts
     D:3: 1087 daAuts
     D:1: 997 daAuts
     D:4: 630 daAuts
